 Dungeon Crawl Stone Soup version 0.29-a0-690-g32ab5fea29 (webtiles) character file.

Game seed: 6311628846726922087

11046 1stPlace the Fighter (level 11, -12/103 HPs)
             Began as a Minotaur Berserker on June 25, 2022.
             Was an Elder of Trog.
             Killed from afar by a wizard (28 damage)
             ... with a fireball
             ... on level 11 of the Dungeon.
             The game lasted 00:12:56 (10437 turns).

1stPlace the Fighter (Minotaur Berserker)          Turns: 10437, Time: 00:12:58

Health: -12/103    AC:  9    Str: 23    XL:     11   Next: 44%
Magic:  0/10       EV: 17    Int: 15    God:    Trog [****..]
Gold:   664        SH:  0    Dex: 15    Spells: 10/10 levels left

rFire   . . .      SeeInvis .   k - +2 bardiche (protect)
rCold   + . .      Faith    .   (shield currently unavailable)
rNeg    . . .      Spirit   +   w - +1 leather armour of Haanofeg {Int+4 Dex+4}
rPois   .          Reflect  .   (helmet restricted)
rElec   .          Harm     .   o - +0 cloak
rCorr   .          Rampage  .   (no gloves)
Will    .....                   N - +1 pair of boots "Nuomm" {Int+5}
Stlth   +.........              r - amulet of guardian spirit
HPRegen 0.27/turn               C - ring of protection from cold
MPRegen 0.12/turn               (no ring)

@: on berserk cooldown, slowed, very slow
A: horns 2, retaliatory headbutt
a: Renounce Religion, Berserk, Trog's Hand, Brothers in Arms


You were on level 11 of the Dungeon.
You worshipped Trog.
Trog was greatly pleased with you.
You visited 1 branch of the dungeon, and saw 11 of its levels.
You also visited: Ossuary.

You collected 664 gold pieces.

Inventory:

Hand Weapons
 k - a +2 bardiche of protection (weapon)
 t - a +0 demon trident of flaming
 O - a +2 trident of freezing
Missiles
 Q - a throwing net (quivered)
Armour
 d - a +0 chain mail
 o - a +0 cloak (worn)
 w - the +1 leather armour of Haanofeg (worn) {Int+4 Dex+4}
   (You found it on level 4 of the Dungeon)

   Int:       It affects your intelligence (+4).
   Dex:       It affects your dexterity (+4).
 y - a +3 leather armour of positive energy
 N - the +1 pair of boots "Nuomm" (worn) {Int+5}
   (You found it on level 9 of the Dungeon)

   Int:       It affects your intelligence (+5).
Jewellery
 r - an amulet of guardian spirit (around neck)
 C - a ring of protection from cold (left hand)
 P - an amulet of faith
Wands
 p - a wand of mindburst (15)
 E - a wand of acid (6)
 F - a wand of polymorph (8)
 G - a wand of flame (19)
 I - a wand of paralysis (9)
 M - a wand of iceblast (6)
Scrolls
 e - 4 scrolls of fear
 f - 2 scrolls of teleportation
 g - 7 scrolls of identify
 h - 5 scrolls of amnesia
 l - 2 scrolls of poison {unknown}
 m - 2 scrolls of magic mapping {unknown}
 q - 5 scrolls of vulnerability {unknown}
 s - a scroll of brand weapon {unknown}
 u - 3 scrolls of fog {unknown}
 H - a scroll of noise {unknown}
 J - a scroll of summoning {unknown}
 L - a scroll of silence {unknown}
Potions
 a - a potion of cancellation {unknown}
 b - 6 potions of heal wounds
 c - 3 potions of might {unknown}
 i - 3 potions of invisibility {unknown}
 j - 3 potions of mutation {unknown}
 n - 3 potions of flight
 v - 2 potions of degeneration {unknown}
 x - 2 potions of magic {unknown}
 z - 3 potions of lignification {unknown}
 A - 7 potions of curing {unknown}
 B - 4 potions of berserk rage {unknown}
 D - 2 potions of attraction {unknown}
 K - 3 potions of brilliance {unknown}
 R - a potion of ambrosia {unknown}


   Skills:
 + Level 11.6 Fighting
 + Level 11.5 Polearms
 + Level 11.1 Armour
 + Level 10.2 Dodging


You had 10 spell levels left.
You didn't know any spells.
Your spell library was empty.

Dungeon Overview and Level Annotations

Branches:
Dungeon (11/15)            Temple (0/1) D:6             Orc (0/2) D:10
Ossuary (visited)
   Lair: D:8-11

Altars:
Ashenzari
Fedhas
Hepliaklqana
Makhleb
Sif Muna
Zin


Innate Abilities, Weirdness & Mutations

You have a pair of horns on your head.
You reflexively headbutt those who attack you in melee.


Message History

Trog accepts your kill.
Trog appreciates your killing of a magic user.
Your two-headed ogre hits the orc with a +0 giant club!!!
The orc dies!
Trog accepts your kill.
Reach: k) +2 bardiche (protect)
Press: ? - help, Dir - move target, f - you
Okay, then.
You swap places.
The orc misses you.
You see here a shapeshifter corpse.
You swap places.
The orc attacks as you move away! The orc misses you. You furiously retaliate!
You headbutt the orc!
You kill the orc!
Trog accepts your kill.
Reach: k) +2 bardiche (protect)
Press: ? - help, Dir - move target, f - you
Okay, then.
You swap places.
You hear some strange, mumbled words.
You see here a shapeshifter corpse.
Your skin stops crawling.
You feel less strong-willed.
Your two-headed ogre rages.
You hear some strange, mumbled words.
A fireball appears from out of thin air!
The fireball explodes!
Deactivating autopickup; reactivate with Ctrl-A.
The fireball engulfs you!!
* * * LOW HITPOINT WARNING * * *
The fireball engulfs your two-headed ogre!!!
Items here: $ ))) [[ †††.
There is a strange disturbance nearby!
Unknown command.
You swap places.
Your two-headed ogre rages.
You hear some strange, mumbled words.
A fireball appears from out of thin air!
The fireball explodes!
The fireball engulfs your two-headed ogre!
The fireball engulfs you!!
You die...

#..# ... ##..# #.# .... #.# #
#..## #.# ####...# #.# ##
.......###.## ###..
.......##...## ...
#####..#.....##########.#
..............).@O...{..#
####.#.#.....###########.?....
#.#.##...## .{... #.#.######
Y... ...#. #h. ..# # . #..#
#..# ...#


You could see a friendly two-headed ogre (summoned, berserk).

Vanquished Creatures
  3 death yaks (D:11)
  A two-headed ogre (D:10)
  Lodul (D:11)
  Pikel (D:6)
  2 deep elf pyromancers (D:10)
  A deep elf zephyrmancer (D:10)
  3 trolls
  A hornet (D:9)
  Eustachio (D:5)
  A wyvern (D:11)
  A yak (D:10)
  2 vampire mosquitoes (D:10)
  2 steam dragons (D:8)
  Edmund (D:5)
  Menkaure (D:5)
  2 water moccasins
  An acid dragon (D:8)
  5 ogres (D:11)
  6 orc warriors
  A sky beast (D:7)
  2 centaurs
  A phantom (D:5)
  A lemure (D:6)
  2 kobold brigands (D:6)
  2 gnoll sergeants (D:9)
  5 bullfrogs
  2 necrophages (D:5)
  3 scorpions
  5 water moccasin zombies (Ossuary)
  4 wights (D:8)
  3 killer bees (D:8)
  3 howler monkeys
  Crazy Yiuf (D:2)
  2 gnoll shamans (D:8)
  5 hounds
  4 orc priests
  An iguana (D:4)
  Jessica (D:3)
  6 orc wizards
  A hell rat (D:11)
  3 mummies
  4 adders
  12 gnolls
  2 river rats (D:11)
  2 shadow imps
  2 white imps
  2 adder zombies (Ossuary)
  3 worms
  2 dart slugs
  21 orcs
  7 endoplasms
  8 giant cockroaches
  11 goblins
  13 hobgoblins
  2 jackals (D:1)
  26 kobolds
  2 quokkas
  7 ball pythons
  9 bats
  7 frilled lizards
  A gnoll zombie (Ossuary)
  4 hobgoblin zombies (Ossuary)
  6 kobold zombies (Ossuary)
  6 orc zombies (Ossuary)
  9 rats
262 creatures vanquished.

Vanquished Creatures (collateral kills)
  A polar bear (shapeshifter) (D:11)
  An orc wizard (D:11)
  An orc (D:11)
3 creatures vanquished.

Vanquished Creatures (others)
  An orc wizard (D:10)
  3 fungi (D:2)
  4 plants (D:4)
8 creatures vanquished.

Grand Total: 273 creatures vanquished

Notes
Turn   | Place    | Note
-------+----------+-------------------------------------------
     0 | D:1      | 1stPlace the Minotaur Berserker began the quest for the
                  | Orb.
     0 | D:1      | Reached XP level 1. HP: 19/19 MP: 0/0
   245 | D:1      | Reached XP level 2. HP: 27/27 MP: 1/1
   275 | D:1      | Found a faded altar of an unknown god.
   823 | D:1      | Reached XP level 3. HP: 33/33 MP: 2/2
  1196 | D:2      | Reached ** piety under Trog
  1655 | D:2      | Reached XP level 4. HP: 39/41 MP: 3/3
  1899 | D:2      | Found a runed translucent door.
  1900 | D:2      | Noticed Crazy Yiuf
  1910 | D:2      | Killed Crazy Yiuf
  2651 | D:3      | Reached XP level 5. HP: 45/47 MP: 4/4
  2733 | D:3      | Noticed Jessica
  2742 | D:3      | Killed Jessica
  3060 | D:4      | Reached skill level 5 in Fighting
  3090 | D:4      | Reached skill level 5 in Polearms
  3100 | D:4      | Noticed an orc warrior
  3120 | D:4      | Killed an orc warrior
  3121 | D:4      | Reached XP level 6. HP: 49/56 MP: 1/5
  3318 | D:4      | Identified the +1 leather armour of Haanofeg {Int+4 Dex+4}
  3402 | D:4      | Reached XP level 7. HP: 62/62 MP: 6/6
  3570 | D:4      | Reached *** piety under Trog
  3571 | D:4      | Reached skill level 5 in Armour
  3728 | D:5      | Entered Level 5 of the Dungeon
  4038 | D:5      | Noticed Menkaure
  4056 | D:5      | Killed Menkaure
  4057 | D:5      | Reached skill level 5 in Dodging
  4244 | D:5      | Noticed Eustachio
  4270 | D:5      | Killed Eustachio
  4271 | D:5      | Reached XP level 8. HP: 71/71 MP: 7/7
  4432 | D:5      | Found a shimmering blue altar of Sif Muna.
  4452 | D:5      | Noticed Edmund
  4463 | D:5      | Killed Edmund
  5060 | D:6      | Identified a scroll of acquirement
  5060 | D:6      | Acquired a +2 bardiche of protection
  5250 | D:6      | Identified the +1 leather armour of Atheism {-Tele rPois
                  | Int-2 SInv}
  5294 | D:6      | Found a staircase to the Ecumenical Temple.
  5532 | D:6      | Noticed Pikel
  5538 | D:6      | Killed Pikel
  5539 | D:6      | Reached XP level 9. HP: 81/81 MP: 8/8
  5539 | D:6      | Found a sand-covered staircase.
  5547 | Ossuary  | Entered an ossuary
  5654 | Ossuary  | Reached **** piety under Trog
  6114 | D:7      | Found a burning altar of Makhleb.
  7520 | D:8      | Reached XP level 10. HP: 91/91 MP: 7/9
  7594 | D:8      | Found a hazy altar of Hepliaklqana.
  8151 | D:9      | Identified the +1 pair of boots "Nuomm" {Int+5}
  8820 | D:9      | Reached skill level 10 in Fighting
  8820 | D:9      | Reached skill level 10 in Polearms
  8848 | D:9      | Found a broken altar of Ashenzari.
  9070 | D:10     | Entered Level 10 of the Dungeon
  9128 | D:10     | Found a glowing silver altar of Zin.
  9517 | D:10     | Found a staircase to the Orcish Mines.
  9533 | D:10     | Noticed a deep elf pyromancer
  9534 | D:10     | Noticed a deep elf pyromancer
  9550 | D:10     | Killed a deep elf pyromancer
  9555 | D:10     | Killed a deep elf pyromancer
  9556 | D:10     | Reached skill level 10 in Armour
  9622 | D:10     | Noticed a wizard
  9638 | D:10     | Noticed a deep elf zephyrmancer
  9643 | D:10     | Killed a deep elf zephyrmancer
  9781 | D:10     | Noticed a two-headed ogre
  9787 | D:10     | Killed a two-headed ogre
 10076 | D:10     | Found a blossoming altar of Fedhas.
 10104 | D:10     | Reached XP level 11. HP: 101/101 MP: 10/10
 10212 | D:11     | Noticed Lodul
 10220 | D:11     | Killed Lodul
 10386 | D:11     | Noticed a death yak
 10389 | D:11     | Noticed a death yak
 10392 | D:11     | Noticed a death yak
 10401 | D:11     | Killed a death yak
 10402 | D:11     | Reached skill level 10 in Dodging
 10405 | D:11     | Killed a death yak
 10411 | D:11     | Killed a death yak
 10437 | D:11     | Killed from afar by a wizard

Illustrated notes

Levels and vault maps discovered:
D:1:      ncdulo_watergridlock, layout_loops_corners,
          chequers_ecumenical_altar_island, minmay_pentomino_x2
D:2:      layout_basic, uniq_crazy_yiuf_cottage
D:3:      layout_loops_corners, grunt_decor_resistance, uniq_jessica
D:4:      minmay_diamond_boxcup, layout_basic, grunt_ministairs_10,
          serial_bayou_pond_b
D:5:      layout_basic, led_sif_book, chequers_mini_garden, uniq_edmund,
          uniq_eustachio, uniq_menkaure
D:6:      layout_loops_ring, temple_doors_cd, gup_ossuary_entry_pyramid,
          uniq_pikel
D:7:      layout_basic, makhleb_heckhound_becter
D:8:      layout_loops_ring, kennysheep_little_box
D:9:      layout_loops_ring, mainiacjoe_overflow_alcove_4,
          nicolae_fountain_basement
D:10:     layout_stronghold, mainiacjoe_overflow_alcove_1,
          mainiacjoe_overflow_concentric_impassable, orc_0_dummy,
          bh_hangedman_babel_library
D:11:     layout_loops_ring, dpeg_lair_monsters, uniq_erica, uniq_lodul

Skill      XL: |  1  2  3  4  5  6  7  8  9 10 11 |
---------------+----------------------------------+-----
Polearms       | 4 5 6 8 9 10 11 | 11.5
Fighting       | 4 5 6 8 9 10 11 | 11.6
Armour         | 3 4 6 7 8 10 11 | 11.1
Dodging        | 3 4 5 6 8 9 10 | 10.2

Action                   |  1- 3 |  4- 6 |  7- 9 | 10-12 || total
-------------------------+-------+-------+-------+-------++-------
Melee: Spear             |   134 |    83 |       |       ||   217
       Headbutt          |    13 |    11 |    26 |    29 ||    79
       Punch             |     1 |       |     2 |       ||     3
       Demon trident     |       |    45 |    73 |       ||   118
       Bardiche          |       |       |   186 |   170 ||   356
Invok: Berserk           |     2 |     4 |     8 |     5 ||    19
       Trog's Hand       |       |     4 |     2 |     2 ||     8
       Brothers in Arms  |       |       |       |     1 ||     1
Evoke: Wand              |       |       |     5 |       ||     5
  Use: Potion            |       |     1 |       |     1 ||     2
       Scroll            |       |       |     5 |       ||     5
 Stab: Sleeping          |       |       |     3 |     1 ||     4
Armor: Chain mail        |    62 |    35 |       |       ||    97
       Leather armour    |       |     2 |    87 |    61 ||   150
Dodge: Dodged            |    46 |    39 |   176 |   145 ||   406

Table legend: (Time is in decaauts)
 A = Elapsed time spent in this place.
 B = Non-inter-level travel time spent in this place.
 C = Inter-level travel time spent in this place.
 D = Time resting spent in this place.
 E = Time spent auto-exploring this place.
 F = Levels seen in this place.
 G = Mean time per level.
                   A        B        C        D        E       F      G
               +--------+--------+--------+--------+--------+-----+--------+
         Total |  10711 |  10325 |    386 |    519 |   7752 |  12 |  892.6 |
       Dungeon |  10433 |  10047 |    386 |    519 |   7572 |  11 |  948.5 |
       Ossuary |    278 |    278 |      0 |      0 |    180 |   1 |  278.0 |
               +--------+--------+--------+--------+--------+-----+--------+

Top non-repeatable levels by time:
     D:5: 1358 daAuts
     D:9: 1221 daAuts
    D:10: 1209 daAuts
     D:7: 1117 daAuts
     D:1: 1055 daAuts
     D:2: 967 daAuts
     D:3: 943 daAuts
     D:8: 851 daAuts
     D:4: 786 daAuts
     D:6: 714 daAuts
 Ossuary: 278 daAuts
    D:11: 207 daAuts
